 Dungeon Crawl Stone Soup version 0.30-b1-2-g02819fbbbe (webtiles) character file.

Game seed: 6855826049428652079

226 Flugkiller the Sneak (level 6, 0/37 HPs)
             Began as a Kobold Transmuter on May 18, 2023.
             Killed from afar by an orc wizard (9 damage)
             ... with a magic dart
             ... on level 3 of the Dungeon.
             The game lasted 00:02:07 (1909 turns).

Flugkiller the Sneak (Kobold Transmuter)            Turns: 1909, Time: 00:02:07

Health: 0/37       AC:  3    Str:  7    XL:     6   Next: 21%
Magic:  8/9        EV: 15    Int: 15    God:
Gold:   132        SH:  0    Dex: 17    Spells: 6/9 levels left

rFire   . . .        e - +3 short sword (vamp)
rCold   . . .        (no shield)
rNeg    . . .        a - +0 robe
rPois   .            (helmet currently unavailable)
rElec   .            i - +0 cloak
rCorr   .            (no gloves)
SInv    .            (boots currently unavailable)
Will    .....        (no amulet)
Stlth   ++++         (no ring)
HPRegen 0.26/turn    (no ring)
MPRegen 0.11/turn

%: no passive effects
@: appendages (expiring)
A: horns 2, talons 2, small, no large weapons, nightstalker 3
a: End Transformation


You were on level 3 of the Dungeon.
You had temporarily grown beastly horns and talons.
You visited 1 branch of the dungeon, and saw 3 of its levels.

You collected 132 gold pieces.

Inventory:

Hand Weapons
 c - a +0 dagger
   (You took it off a kobold on level 1 of the Dungeon)
 e - a +3 vampiric short sword (weapon)
   (You took it off a kobold on level 1 of the Dungeon)
 m - the +6 spear of Ginuev {flame, rCorr Int+5}
   (You found it on level 2 of the Dungeon)

   Int:       It affects your intelligence (+5).
   rCorr:     It protects you from acid and corrosion.
Armour
 a - a +0 robe (worn)
 i - a +0 cloak (worn)
   (You found it on level 1 of the Dungeon)
Scrolls
 f - a scroll of blinking {unknown}
 l - a scroll of magic mapping {unknown}
 o - a scroll of teleportation {unknown}
 r - a scroll of enchant armour {unknown}
 t - a scroll of vulnerability {unknown}
Potions
 b - a potion of lignification
 d - 2 potions of resistance {unknown}
 g - a potion of curing {unknown}
 h - a potion of attraction {unknown}
 j - a potion of flight {unknown}
 k - a potion of brilliance {unknown}
 n - a potion of degeneration {unknown}
 p - a potion of invisibility {unknown}
 q - a potion of berserk rage {unknown}
 s - a potion of mutation {unknown}


   Skills:
 - Level 3.0 Fighting
 - Level 4.0 Short Blades
 - Level 2.4 Dodging
 - Level 4.0 Stealth
 - Level 3.0 Unarmed Combat
 + Level 2.3 Spellcasting
 + Level 3.0 Transmutations


You had 6 spell levels left.
You knew the following spells:

 Your Spells              Type           Power      Damage    Failure   Level
a - Beastly Appendage     Tmut           20%        N/A       6%          1
b - Wereblood             Tmut           10%        N/A       10%         2

Your spell library contained the following spells:

 Spells                   Type           Power      Damage    Failure   Level
 Spider Form              Tmut/Pois      6%         N/A       34%         3
 Ice Form                 Ice/Tmut       6%         N/A       75%         4


Dungeon Overview and Level Annotations

Branches:
Dungeon (3/15) Zot: 16102

Altars:


Innate Abilities, Weirdness & Mutations

You have temporarily grown beastly horns and talons.
You are small and have problems with some larger weapons.
You are completely attuned to the shadows.


Message History

The orc is lightly wounded.
The orc barely misses you.
You closely miss the orc.
The orc is lightly wounded.
The orc misses you.
You hit the orc. You claw the orc.
The orc is severely wounded.
The orc hits you with a +0 short sword.
You barely miss the orc.
The orc is severely wounded.
Your primal bloodlust is almost over.
You hit the orc.
You feel better.
You feel a bit better.
You kill the orc!
Things that are here:
a +0 short sword; a +0 scale mail; an orc corpse An orc priest comes into view.
It is wielding a +0 whip.
The orc priest casts a cantrip, but nothing happens.
You see here a +0 falchion.
Your horns disappear.
Your talons disappear.
You hit the orc priest but do no damage.
The orc priest misses you.
You hit the orc priest.
The orc priest is moderately wounded.
Your primal bloodlust has ended.
The orc priest barely misses you.
You barely miss the orc priest.
The orc priest is moderately wounded.
The orc priest hits you with a +0 whip.
You hit the orc priest.
You feel better.
The orc priest is heavily wounded.
You hit the orc priest but do no damage.
The orc priest is heavily wounded.
The orc priest mumbles some strange prayers to Beogh against you.
Pain shoots through your body!
You hit the orc priest.
The orc priest is almost dead.
The orc priest closely misses you.
You hit the orc priest but do no damage.
The orc priest is almost dead.
The orc priest misses you.
You hit the orc priest.
You feel better.
You kill the orc priest!
Training target 4.0 for Short Blades reached!
Your Short Blades skill increases to level 4!
You need to enable at least one skill for training.
You see here a +0 falchion.
Things that are here:
a +0 flail; a +0 leather armour You start resting.
Magic restored.
You start resting.
Magic restored.
You start resting.
HP restored.
You start resting.
HP restored.
You see here a +0 falchion.
You open the door.
There is an open door here.
Found a ring mail.
You see here a +0 ring mail.
You open the door.
There is an open door here.
You now have 110 gold pieces (gained 7).
You open the door.
There is an open door here.
You open the door.
There is an open door here.
Found a chain mail.
Found a stone staircase leading down.
You now have 122 gold pieces (gained 12).
You open the door.
Found 8 stones.
There is an open door here.
An orc wizard comes into view. It is wielding a +0 dagger.
An orc wizard is nearby!
t - a scroll labelled IQAMPA SEONIO
There are no items here.
An orc comes into view. It is wielding a +0 morningstar.
The orc wizard shouts!
The orc shouts!
You hear a shout!
An orc and an orc priest come into view.
The orc priest shouts!
You hear a shout!
You hear an angry hiss.
You see here 10 gold pieces.
You now have 132 gold pieces (gained 10).
An orc comes into view. It is wielding a +0 mace.
The orc priest calls down the wrath of Beogh upon you.
Beogh smites you! The orc attacks as you move away!
The orc hits you with a +0 morningstar! The orc attacks as you move away!
The orc hits you with a +0 morningstar.
* * * LOW HITPOINT WARNING * * *
There is an open door here.
Okay, then.
Unknown command.
Okay, then.
Casting: Beastly Appendage (safe; 6% risk of failure)
Confirm with . or Enter, or press ? or * to list all spells.
You grow a pair of large bovine horns.
Your feet morph into talons.
The orc wizard points at you and mumbles some strange words.
The magic dart hits you!
You die...

.......>....###
.....[#..#.....
......#..#.....
#######........ #
##.#..... .# ######
#.#..### ####...
.....###.#..# #......
#......#.#..######.......
#......#.#......@oo......
#......#.#.#######o.(....
.......#.#.## +.......
##'#'###....# #..o....
.......###### #.......
.#.#.#.# #.......
.#.#.#.# #.......
.....#.# #####...
.###.#.#


You could see an orc wizard and 3 orcs.

Vanquished Creatures
  A black bear (D:2)
  2 orc priests (D:3)
  3 adders (D:2)
  A worm (D:2)
  2 orcs (D:3)
  5 bats
  6 endoplasms
  A giant cockroach (D:1)
  7 hobgoblins
  5 kobolds
  2 quokkas
  3 ball pythons (D:1)
  2 frilled lizards (D:2)
  3 goblins (D:1)
  3 rats
46 creatures vanquished.

Notes
Turn   | Place    | Note
-------+----------+-------------------------------------------
     0 | D:1      | Flugkiller the Kobold Transmuter began the quest for the
                  | Orb.
     0 | D:1      | Reached XP level 1. HP: 12/12 MP: 3/3
   224 | D:1      | Reached XP level 2. HP: 17/17 MP: 5/5
   465 | D:1      | Reached skill level 1 in Stealth
   468 | D:1      | Learned a level 2 spell: Wereblood
   470 | D:1      | Reached skill level 1 in Short Blades
   525 | D:1      | Reached XP level 3. HP: 22/22 MP: 6/6
   939 | D:2      | Identified the +6 spear of Ginuev {flame, rCorr Int+5}
  1013 | D:2      | Found a faded altar of an unknown god.
  1053 | D:2      | Reached XP level 4. HP: 26/27 MP: 7/7
  1378 | D:2      | Noticed a black bear
  1393 | D:2      | Killed a black bear
  1394 | D:2      | Reached XP level 5. HP: 21/32 MP: 6/8
  1653 | D:3      | Reached XP level 6. HP: 29/37 MP: 5/9
  1909 | D:3      | Killed from afar by an orc wizard

Illustrated notes

Levels and vault maps discovered:
D:1:      dpeg_arrival_rooms_a, layout_basic, minmay_tetromino_i2
D:2:      layout_loops_cross, hellmonk_ecumenical_altar_arch_garden
D:3:      layout_basic, serial_bayou_pond_d, mrwooster_statue_mirror

Skill      XL: |  1  2  3  4  5  6 |
---------------+-------------------+-----
Fighting       | 2 3 |  3.0
Stealth        | 1 3 4 |  4.0
Short Blades   | 1 2 3 4 |  4.0
Transmutations | 3 |  3.0
Dodging        | |  2.4
Unarmed Combat | |  3.0
Spellcasting   | |  2.3

Action                     |  1- 3 |  4- 6 || total
---------------------------+-------+-------++-------
  Melee: Dagger            |    29 |       ||    29
         Unarmed           |     4 |       ||     4
         Kick              |     3 |     8 ||    11
         Headbutt          |     3 |     4 ||     7
         Short sword       |    61 |    57 ||   118
         Punch             |     4 |     1 ||     5
   Cast: Beastly Appendage |     6 |     5 ||    11
         Wereblood         |       |     1 ||     1
   Stab: Sleeping          |     4 |     3 ||     7
 Armour: Robe              |    18 |     7 ||    25
  Dodge: Dodged            |    86 |    55 ||   141
